 Dungeon Crawl Stone Soup version 0.32-a0-120-gfac0567ad4 (webtiles) character file.

Game seed: 1159613551249689722

9850 cforsyth the Fighter (level 11, -1/92 HPs)
             Began as a Djinni Warper on Feb 6, 2024.
             Slain by an unseen horror (8 damage)
             ... on level 11 of the Dungeon.
             The game lasted 00:26:54 (14939 turns).

cforsyth the Fighter (Djinni Warper)               Turns: 14939, Time: 00:26:54

Health: -1/92      AC:  9    Str: 10    XL:     11   Next: 82%
Gold:   742        EV: 11    Int: 20    God:
                   SH:  0    Dex: 12

rFire   + + .        a - +2 mace (venom)
rCold   . . .        (no shield)
rNeg    . . .        L - +3 leather armour {rC+}
rPois   ∞            s - +1 helmet
rElec   .            (no cloak)
rCorr   .            m - +0 pair of gloves
SInv    .            (boots unavailable)
Will    +....        (no amulet)
Stlth   +            Z - ring of wizardry
HPRegen 0.35/turn    z - ring of wizardry
MPRegen 0.00/turn

%: wizardry (x2), infuse magic (-2 HP)
@: flying
A: sickness immunity, fire resistance 2, cold vulnerability 1, float, innate
caster, HP casting, extra vitality 1
a: no special abilities


You were on level 11 of the Dungeon.
You visited 1 branch of the dungeon, and saw 11 of its levels.

You collected 820 gold pieces.
You spent 78 gold pieces at shops.


Innate Abilities, Weirdness & Mutations

You are immune to sickness and miasma.
You are immune to poison.
Your flesh is very heat resistant. (rF++)
You are vulnerable to cold. (rC-)
You float through the air rather than walking.
You learn spells naturally, not from books.
Your magical power is your life essence.
You have superior vitality. (+4 MHP)


   Skills:
 + Level 13.0 Fighting
 - Level 1.7 Long Blades
 - Level 0.7 Throwing
 - Level 1.0 Armour
 - Level 2.1 Dodging
 + Level 10.2 Spellcasting
 + Level 10.2 Conjurations
 + Level 10.2 Hexes
 + Level 10.2 Summonings
 + Level 10.2 Necromancy
 + Level 10.2 Translocations
 + Level 10.2 Fire Magic
 + Level 10.2 Ice Magic
 + Level 10.2 Air Magic
 + Level 10.2 Earth Magic
 + Level 10.2 Alchemy


You knew the following spells:

 Your Spells              Type           Power      Damage    Failure   Level
a - Ignite Poison         Fire/Alch      50%        N/A       1%          4
c - Metabolic Englaciati  Hex/Ice        25%        N/A       1%          5
l - Lesser Beckoning      Tloc           100%       N/A       1%          2
m - Manifold Assault      Tloc           50%        N/A       1%          4
t - Teleport Other        Tloc           50%        N/A       1%          3
z - Summon Small Mammal   Summ           100%       N/A       1%          1
B - Blink                 Tloc           100%       N/A       1%          2
X - Vhi's Electric Charg  Tloc/Air       100%       N/A       1%          4
Y - Momentum Strike       Conj/Tloc      100%       3d10      1%          2
Z - Hailstorm             Conj/Ice       50%        3d10      1%          3
Your spell library was empty.

Inventory:

Hand Weapons
 a - a +2 mace of venom (weapon)
 b - the +1 sling "Linei" {flame, Fly rPois rCorr Int+4}
   (You found it on level 7 of the Dungeon)

   Int+4:     It affects your intelligence (+4).
   rPois:     It protects you from poison Fly: It grants you flight.
   rCorr:     It protects you from acid and corrosion.
 g - a +4 dagger
 x - a +1 dagger of venom
Missiles
 d - 4 darts of dispersal {=f=f}
 r - 34 poisoned darts
 E - 2 curare-tipped darts {=f=f}
 M - 2 throwing nets {=f=f}
Armour
 e - a +2 helmet
 m - a +0 pair of gloves (worn)
 s - a +1 helmet (worn)
 C - a +2 robe of resistance
 L - a +3 leather armour of cold resistance (worn)
 N - a scarf of harm
Magical Staves
 n - a staff of alchemy {!a!a}
 I - a staff of air {!a!a}
Jewellery
 z - a ring of wizardry (right hand)
 F - a ring of protection from fire
 Z - a ring of wizardry (left hand)
Wands
 u - a wand of polymorph (9)
 w - a wand of paralysis (18)
 D - a wand of roots (4)
Scrolls
 c - 2 scrolls of blinking
 h - 2 scrolls of poison {unknown}
 j - 5 scrolls of amnesia {unknown}
 l - 2 scrolls of fog {unknown}
 q - 4 scrolls of immolation {unknown}
 y - 6 scrolls of teleportation {unknown}
 A - a scroll of noise
 B - 2 scrolls of enchant armour {unknown}
 G - 3 scrolls of enchant weapon {unknown}
 H - a scroll of silence {!r!r}
 K - a scroll of torment
 P - a scroll of fear {unknown}
Potions
 f - 2 potions of heal wounds {@q2@q2}
 i - 3 potions of mutation
 k - 2 potions of enlightenment
 o - a potion of haste {@q3@q3}
 p - 3 potions of curing {@q1@q1}
 t - 2 potions of berserk rage {!q!q}
 v - 2 potions of ambrosia
 O - a potion of lignification

Dungeon Overview and Level Annotations

Branches:
Dungeon (11/15)            Temple (0/1) D:5            Lair (0/5) D:9
    Orc (0/2) D:9

Altars:
Ashenzari
Trog
Uskayaw
Yredelemnul

Shops:
D:1 =   D:3 (   D:9 *

Annotations:
D:5 1 runed translucent door, Crazy Yiuf

#.............#............#
#....######...#.....>......#
#....# #.###............# #....#
#.#.............## ##....#
#.#.............# ......#
#.#.............# # ...)..#
#.#...[.#######.# .# ......#
#.#.....#... #.# ... ......#
#.#..@..#.... #.# .... ......#
#.#.....#.....#'#..... #.....#
#.##'####.............
#.....######.....................
#...........................<....
#####..........................##
#..######...########.......# ####
#...# #.......# #...# #.......#


There were no monsters in sight!


Message History

* * * LOW HITPOINT WARNING * * *
Casting: Teleport Other (safe; 1% risk of failure)
Confirm with . or Enter, or press ? or * to list all spells.
You don't know that spell.
Unknown command.
Casting: Teleport Other (safe; 1% risk of failure)
Confirm with . or Enter, or press ? or * to list all spells.
Aiming: Teleport Other (safe; 1% risk of failure)
Press: ? - help, Shift-Dir - straight line Nothing appears to happen.
* * * LOW HITPOINT WARNING * * *
Something hits you.
* * * LOW HITPOINT WARNING * * *
Something hits you but does no damage.
Unknown command.
Something hits you!
* * * LOW HITPOINT WARNING * * *
You feel much better. Something hits you!
* * * LOW HITPOINT WARNING * * *
Something hits you but does no damage. Something hits you but does no damage.
Something hits you!
* * * LOW HITPOINT WARNING * * *
Something hits you but does no damage. Something hits you but does no damage.
Something hits you.
* * * LOW HITPOINT WARNING * * *
Something hits you!
* * * LOW HITPOINT WARNING * * *
Something hits you!
You die...

Skill      XL: |  1  2  3  4  5  6  7  8  9 10 11 |
---------------+----------------------------------+-----
Spellcasting   | 3 4 5 6 7 9 10 | 10.2
Conjurations   | 3 4 5 6 7 9 10 | 10.2
Hexes          | 3 4 5 6 7 9 10 | 10.2
Summonings     | 3 4 5 6 7 9 10 | 10.2
Necromancy     | 3 4 5 6 7 9 10 | 10.2
Translocations | 3 4 5 6 7 9 10 | 10.2
Fire Magic     | 3 4 5 6 7 9 10 | 10.2
Ice Magic      | 3 4 5 6 7 9 10 | 10.2
Air Magic      | 3 4 5 6 7 9 10 | 10.2
Earth Magic    | 3 4 5 6 7 9 10 | 10.2
Alchemy        | 3 4 5 6 7 9 10 | 10.2
Fighting       | 3 4 5 6 8 9 11 13 | 13.0
Long Blades    | |  1.7
Throwing       | |  0.7
Armour         | |  1.0
Dodging        | |  2.1

Action                     |  1- 3 |  4- 6 |  7- 9 | 10-12 || total
---------------------------+-------+-------+-------+-------++-------
  Melee: Falchion          |    24 |       |       |       ||    24
         Dagger            |    61 |   182 |    22 |       ||   265
         Punch             |     1 |     8 |    10 |    10 ||    29
         Mace              |       |       |    71 |   102 ||   173
  Throw: Dart              |     3 |       |       |       ||     3
   Cast: Summon Small Mamm |       |     8 |     3 |       ||    11
         Momentum Strike   |       |     5 |     1 |    11 ||    17
         Vhi's Electric Ch |       |     1 |       |       ||     1
         Hailstorm         |       |       |    92 |   123 ||   215
         Blink             |       |       |     1 |     8 ||     9
         Lesser Beckoning  |       |       |       |     1 ||     1
         Teleport Other    |       |       |       |     2 ||     2
         Manifold Assault  |       |       |       |     2 ||     2
  Evoke: Wand              |       |       |       |     5 ||     5
    Use: Scroll            |       |       |       |    12 ||    12
         Potion            |       |       |       |     2 ||     2
   Stab: Sleeping          |       |     1 |       |       ||     1
         Paralysed         |       |       |       |     2 ||     2
 Armour: Leather armour    |    59 |    89 |   101 |   165 ||   414
         Robe              |       |       |     5 |    42 ||    47
  Dodge: Dodged            |    40 |    79 |    88 |   122 ||   329

Levels and vault maps discovered:
D:1:      dpeg_arrival_houses_and_road, layout_basic, serial_shops,
          nicolae_shop_tiny_glass
D:2:      layout_basic, basic_altar
D:3:      layout_rooms, nicolae_vehumet_radiance, serial_shops, shop,
          serial_bayou_pond_c, uniq_sigmund, uniq_robin
D:4:      layout_basic, mainiacjoe_overflow_six_doors_small
D:5:      layout_basic, temple_statues, uniq_edmund, uniq_crazy_yiuf_cottage
D:6:      layout_layer_cave, mainiacjoe_overflow_concentric_impassable,
          regret_index_kikubaaqudgha_part_by_part, kennysheep_decorative_pillar,
          uniq_pikel, uniq_grinder, uniq_jeremiah
D:7:      layout_basic
D:8:      layout_basic
D:9:      layout_irregular_city, kennysheep_little_box, lair_entry_dummy,
          hiddenorc1_lemuel, serial_shops, nicolae_shop_gibbet_a_chance,
          uniq_harold
D:10:     cheibrodos_wizards_tower, layout_basic, mainiacjoe_overflow_alcove_4
D:11:     minmay_gate_of_8, layout_irregular_city

Notes
Turn   | Place    | Note
-------+----------+-------------------------------------------
     0 | D:1      | cforsyth the Djinni Warper began the quest for the Orb.
     0 | D:1      | cforsyth set off with the following spells memorised:
                  | Blink, Lesser Beckoning, Teleport Other, Manifold Assault,
                  | Vhi's Electric Charge.
     0 | D:1      | Reached XP level 1. HP: 18/18 MP: 0/0
    49 | D:1      | Reached skill level 3 in Spellcasting
    49 | D:1      | Reached skill level 3 in Conjurations
    49 | D:1      | Reached skill level 3 in Hexes
    49 | D:1      | Reached skill level 3 in Summonings
    49 | D:1      | Reached skill level 3 in Necromancy
    49 | D:1      | Reached skill level 3 in Translocations
    49 | D:1      | Reached skill level 3 in Fire Magic
    49 | D:1      | Reached skill level 3 in Ice Magic
    49 | D:1      | Reached skill level 3 in Air Magic
    49 | D:1      | Reached skill level 3 in Earth Magic
    49 | D:1      | Reached skill level 3 in Alchemy
   139 | D:1      | Reached XP level 2. HP: 23/23 MP: 0/0
   399 | D:1      | Reached XP level 3. HP: 25/29 MP: 0/0
   399 | D:1      | Learned a level 1 spell: Summon Small Mammal
   770 | D:1      | Found Umotoemn's Jewellery Shoppe.
  1099 | D:2      | Reached skill level 3 in Fighting
  1217 | D:2      | Reached XP level 4. HP: 28/35 MP: 0/0
  1769 | D:2      | You are sucked into a shaft and drop 1 floor!
  1937 | D:3      | Reached XP level 5. HP: 39/40 MP: 0/0
  1937 | D:3      | Learned a level 2 spell: Momentum Strike
  1957 | D:3      | Noticed Sigmund
  2024 | D:3      | Killed Sigmund
  2025 | D:3      | Reached skill level 4 in Fighting
  2025 | D:3      | Reached skill level 4 in Spellcasting
  2025 | D:3      | Reached skill level 4 in Conjurations
  2025 | D:3      | Reached skill level 4 in Hexes
  2025 | D:3      | Reached skill level 4 in Summonings
  2025 | D:3      | Reached skill level 4 in Necromancy
  2025 | D:3      | Reached skill level 4 in Translocations
  2025 | D:3      | Reached skill level 4 in Fire Magic
  2025 | D:3      | Reached skill level 4 in Ice Magic
  2025 | D:3      | Reached skill level 4 in Air Magic
  2025 | D:3      | Reached skill level 4 in Earth Magic
  2025 | D:3      | Reached skill level 4 in Alchemy
  2025 | D:3      | Reached XP level 6. HP: 25/48 MP: 0/0
  2174 | D:2      | Found a bloodstained altar of Trog.
  2393 | D:3      | Noticed Robin
  2806 | D:3      | Found Gaeliadgh's Weapon Emporium.
  2984 | D:3      | Killed Robin
  3481 | D:4      | Reached skill level 5 in Fighting
  3945 | D:4      | Reached XP level 7. HP: 54/54 MP: 0/0
  3945 | D:4      | Learned a level 3 spell: Hailstorm
  4262 | D:4      | Reached skill level 5 in Spellcasting
  4262 | D:4      | Reached skill level 5 in Conjurations
  4262 | D:4      | Reached skill level 5 in Hexes
  4262 | D:4      | Reached skill level 5 in Summonings
  4262 | D:4      | Reached skill level 5 in Necromancy
  4262 | D:4      | Reached skill level 5 in Translocations
  4262 | D:4      | Reached skill level 5 in Fire Magic
  4262 | D:4      | Reached skill level 5 in Ice Magic
  4262 | D:4      | Reached skill level 5 in Air Magic
  4262 | D:4      | Reached skill level 5 in Earth Magic
  4262 | D:4      | Reached skill level 5 in Alchemy
  4299 | D:4      | Found a hide-covered altar of Uskayaw.
  4565 | D:5      | Entered Level 5 of the Dungeon
  4566 | D:5      | Found a staircase to the Ecumenical Temple.
  4583 | D:4      | Reached skill level 6 in Fighting
  4992 | D:5      | Noticed Edmund
  5001 | D:5      | Reached XP level 8. HP: 36/62 MP: 0/0
  5002 | D:5      | Killed Edmund
  5197 | D:5      | Found a runed translucent door.
  5198 | D:5      | Noticed Crazy Yiuf
  5356 | D:5      | Reached skill level 7 in Fighting
  5712 | D:6      | Reached skill level 6 in Spellcasting
  5712 | D:6      | Reached skill level 6 in Conjurations
  5712 | D:6      | Reached skill level 6 in Hexes
  5712 | D:6      | Reached skill level 6 in Summonings
  5712 | D:6      | Reached skill level 6 in Necromancy
  5712 | D:6      | Reached skill level 6 in Translocations
  5712 | D:6      | Reached skill level 6 in Fire Magic
  5712 | D:6      | Reached skill level 6 in Ice Magic
  5712 | D:6      | Reached skill level 6 in Air Magic
  5712 | D:6      | Reached skill level 6 in Earth Magic
  5712 | D:6      | Reached skill level 6 in Alchemy
  6101 | D:6      | Noticed Grinder
  6107 | D:6      | Paralysed by Grinder for 2 turns
  6116 | D:6      | Killed Grinder
  6117 | D:6      | Reached skill level 8 in Fighting
  6117 | D:6      | Reached XP level 9. HP: 38/70 MP: 0/0
  6117 | D:6      | Learned a level 4 spell: Ignite Poison
  6230 | D:6      | Noticed Pikel
  6247 | D:6      | Killed Pikel
  6248 | D:6      | Reached skill level 7 in Spellcasting
  6248 | D:6      | Reached skill level 7 in Conjurations
  6248 | D:6      | Reached skill level 7 in Hexes
  6248 | D:6      | Reached skill level 7 in Summonings
  6248 | D:6      | Reached skill level 7 in Necromancy
  6248 | D:6      | Reached skill level 7 in Translocations
  6248 | D:6      | Reached skill level 7 in Fire Magic
  6248 | D:6      | Reached skill level 7 in Ice Magic
  6248 | D:6      | Reached skill level 7 in Air Magic
  6248 | D:6      | Reached skill level 7 in Earth Magic
  6248 | D:6      | Reached skill level 7 in Alchemy
  6476 | D:6      | Reached skill level 9 in Fighting
  7185 | D:6      | Identified a +2 robe of resistance
  7185 | D:6      | Noticed Jeremiah
  7955 | D:6      | Killed Jeremiah
  8983 | D:7      | Reached XP level 10. HP: 72/79 MP: 0/0
  9020 | D:7      | Identified the +1 sling "Linei" {flame, Fly rPois rCorr
                  | Int+4}
  9691 | D:8      | Reached skill level 10 in Fighting
  9732 | D:8      | Reached skill level 8 in Spellcasting
  9732 | D:8      | Reached skill level 8 in Conjurations
  9732 | D:8      | Reached skill level 8 in Hexes
  9732 | D:8      | Reached skill level 8 in Summonings
  9732 | D:8      | Reached skill level 8 in Necromancy
  9732 | D:8      | Reached skill level 8 in Translocations
  9732 | D:8      | Reached skill level 8 in Fire Magic
  9732 | D:8      | Reached skill level 8 in Ice Magic
  9732 | D:8      | Reached skill level 8 in Air Magic
  9732 | D:8      | Reached skill level 8 in Earth Magic
  9732 | D:8      | Reached skill level 8 in Alchemy
 10737 | D:9      | Noticed a kobold demonologist
 10741 | D:9      | Killed a kobold demonologist
 10744 | D:9      | Reached skill level 11 in Fighting
 11290 | D:9      | Noticed Harold
 11503 | D:9      | Noticed a two-headed ogre
 11607 | D:9      | Found a broken altar of Ashenzari.
 11657 | D:9      | Found a staircase to the Lair.
 11886 | D:9      | Killed Harold
 11887 | D:9      | Reached skill level 9 in Spellcasting
 11887 | D:9      | Reached skill level 9 in Conjurations
 11887 | D:9      | Reached skill level 9 in Hexes
 11887 | D:9      | Reached skill level 9 in Summonings
 11887 | D:9      | Reached skill level 9 in Necromancy
 11887 | D:9      | Reached skill level 9 in Translocations
 11887 | D:9      | Reached skill level 9 in Fire Magic
 11887 | D:9      | Reached skill level 9 in Ice Magic
 11887 | D:9      | Reached skill level 9 in Air Magic
 11887 | D:9      | Reached skill level 9 in Earth Magic
 11887 | D:9      | Reached skill level 9 in Alchemy
 11887 | D:9      | Reached XP level 11. HP: 59/87 MP: 0/0
 11887 | D:9      | Learned a level 5 spell: Metabolic Englaciation
 12385 | D:9      | Found Ofyluadd's Assorted Antiques.
 12394 | D:9      | Bought a scroll labelled DERGHE KEON for 26 gold pieces
 12394 | D:9      | Bought a scroll labelled YNOSEA ROURGHAO for 26 gold pieces
 12394 | D:9      | Bought a scroll labelled DERGHE KEON for 26 gold pieces
 12528 | D:9      | Found a staircase to the Orcish Mines.
 12893 | D:9      | Found a staircase to the Orcish Mines.
 12909 | D:9      | Found a staircase to the Lair.
 12940 | D:9      | Killed a two-headed ogre
 12941 | D:9      | Reached skill level 12 in Fighting
 13036 | D:9      | Found Ofyluadd's Assorted Antiques.
 13174 | D:9      | Found a broken altar of Ashenzari.
 13292 | D:10     | Entered Level 10 of the Dungeon
 13292 | D:10     | Found a basalt altar of Yredelemnul.
 13446 | D:10     | Noticed an arcanist
 13454 | D:10     | Killed an arcanist
 13906 | D:10     | Noticed a two-headed ogre
 13912 | D:10     | Killed a two-headed ogre
 14298 | D:11     | Noticed a two-headed ogre
 14310 | D:11     | Killed a two-headed ogre
 14311 | D:11     | Reached skill level 10 in Spellcasting
 14311 | D:11     | Reached skill level 10 in Conjurations
 14311 | D:11     | Reached skill level 10 in Hexes
 14311 | D:11     | Reached skill level 10 in Summonings
 14311 | D:11     | Reached skill level 10 in Necromancy
 14311 | D:11     | Reached skill level 10 in Translocations
 14311 | D:11     | Reached skill level 10 in Fire Magic
 14311 | D:11     | Reached skill level 10 in Ice Magic
 14311 | D:11     | Reached skill level 10 in Air Magic
 14311 | D:11     | Reached skill level 10 in Earth Magic
 14311 | D:11     | Reached skill level 10 in Alchemy
 14816 | D:11     | Reached skill level 13 in Fighting
 14928 | D:11     | HP: 4/92 [something (7)]
 14936 | D:11     | HP: 6/92 [something (9)]
 14939 | D:11     | Slain by an unseen horror

Vanquished Creatures
  Harold (D:9)
  3 two-headed ogres
  An arcanist (D:10)
  Pikel (D:6)
  2 unseen horrors
  A kobold demonologist (D:9)
  Jeremiah (D:6)
  A troll (D:10)
  Grinder (D:6)
  Sigmund (D:3)
  A shadow (D:11)
  3 yaks (D:8)
  2 steam dragons
  Edmund (D:5)
  A water moccasin (D:7)
  3 orc warriors
  2 sky beasts
  2 black bears
  3 centaurs
  An ogre (D:5)
  A lemure (D:6)
  A phantom (D:6)
  5 kobold brigands
  4 scorpions
  3 bullfrogs
  A burial acolyte (D:6)
  16 killer bees
  6 howler monkeys (D:10)
  2 bombardier beetles
  6 orc priests
  A gnoll bouda (D:6)
  3 hounds
  2 iguanas
  13 orc wizards
  A hound zombie (D:6)
  Robin (D:3)
  8 adders
  5 gnolls (D:6)
  3 shadow imps
  6 ufetubi
  2 adder zombies (D:6)
  33 orcs
  15 endoplasms
  2 giant cockroaches (D:2)
  2 gnoll zombies (D:6)
  15 goblins
  12 hobgoblins
  6 jackals
  6 quokkas
  7 ball pythons
  8 bats
  2 frilled lizards
  19 kobolds
  2 kobold zombies (D:6)
  8 rats
259 creatures vanquished.

Vanquished Creatures (collateral kills)
  2 goblins (D:3)
2 creatures vanquished.

Grand Total: 261 creatures vanquished

Table legend: (Time is in decaauts)
 A = Elapsed time spent in this place.
 B = Non-inter-level travel time spent in this place.
 C = Inter-level travel time spent in this place.
 D = Time resting spent in this place.
 E = Time spent auto-exploring this place.
 F = Levels seen in this place.
 G = Mean time per level.
                   A        B        C        D        E       F      G
               +--------+--------+--------+--------+--------+-----+--------+
         Total |  14996 |  14571 |    425 |   1591 |  10831 |  11 | 1363.3 |
       Dungeon |  14996 |  14571 |    425 |   1591 |  10831 |  11 | 1363.3 |
               +--------+--------+--------+--------+--------+-----+--------+

Top non-repeatable levels by time:
     D:6: 3319 daAuts
     D:8: 1797 daAuts
     D:9: 1678 daAuts
     D:3: 1382 daAuts
     D:4: 1360 daAuts
     D:1: 1092 daAuts
     D:7: 983 daAuts
    D:10: 973 daAuts
     D:5: 912 daAuts
     D:2: 812 daAuts
    D:11: 683 daAuts

Table legend:
 A = Non-vault XP
 B = Vault XP
 C = Vault XP percentage of total XP
 D = Non-vault monster count
 E = Vault monster count
 F = Vault count percentage of total count
                 A         B        C        D         E       F
            +---------+---------+-------+---------+---------+-------
      Total |   10291 |    3781 |  26.9 |     214 |      46 |  17.7
            +---------+---------+-------+---------+---------+-------
        D:1 |      48 |       0 |   0.0 |      30 |       0 |   0.0
        D:2 |      60 |       0 |   0.0 |      20 |       0 |   0.0
        D:3 |      60 |     266 |  81.6 |      20 |      13 |  39.4
        D:4 |     374 |       0 |   0.0 |      26 |       0 |   0.0
        D:5 |     521 |     162 |  23.7 |      15 |       1 |   6.2
        D:6 |     953 |    1405 |  59.6 |      19 |      13 |  40.6
        D:7 |     343 |       0 |   0.0 |      12 |       0 |   0.0
        D:8 |    1844 |      35 |   1.9 |      24 |       1 |   4.0
        D:9 |    2018 |    1216 |  37.6 |      21 |      17 |  44.7
       D:10 |    1889 |     697 |  27.0 |      12 |       1 |   7.7
       D:11 |    2181 |       0 |   0.0 |      15 |       0 |   0.0
            +---------+---------+-------+---------+---------+-------
